 Dungeon Crawl Stone Soup version 0.14-a0-1817-gb992dfe (webtiles) character file.

343 Jenx the Covered (level 6, -1/33 (39) HPs)
             Began as a High Elf Skald on Jan 9, 2014.
             Killed from afar by an orc wizard (5 damage)
             ... with a puff of frost
             ... on Level 4 of the Dungeon.
             The game lasted 00:10:23 (3840 turns).

Jenx the Covered (High Elf Skald)                   Turns: 3840, Time: 00:10:23

HP  -1/33 (39)   AC  8     Str 11      XL: 6   Next:  4%
MP   9/15        EV  9     Int 19      God:
Gold 66          SH  0     Dex 14      Spells:  4 memorised,  2 levels left

rFire  . . .     SeeInvis .     a - +0 long sword
rCold  . . .     Clarity  .     h - +2 ring mail
rNeg   . . .     Conserve .     (no shield)
rPois  .         rCorr    .     (no helmet)
rElec  .         rRot     .     (no cloak)
SustAb . .       Spirit   .     (no gloves)
rMut   .         Warding  .     (no boots)
Saprov . . .     Stasis   .     (no amulet)
                                (no ring)
                                (no ring)

@: slightly resistant to hostile enchantments, very unstealthy
A: no striking features
a: no special abilities


You were on level 4 of the Dungeon.
You were not hungry.

You visited 1 branch of the dungeon, and saw 4 of its levels.

You collected 66 gold pieces.

Inventory:

Hand weapons
 a - a +0,+0 long sword (weapon)
 b - a +0 blowgun
 m - a +2,+2 short sword of freezing
 p - a cursed -2,-1 orcish hand axe
Missiles
 v - 3 darts
 y - a tomahawk (quivered)
 z - a poisoned needle
Armour
 f - a +0 dwarven helmet
 h - a +2 ring mail (worn)
 q - a +0 elven leather armour
Comestibles
 d - a bread ration
 g - a meat ration
 C - a chunk of rat flesh
 F - a chunk of hobgoblin flesh
Scrolls
 i - a scroll of curse weapon {unknown}
 j - a scroll of identify {unknown}
 l - 4 scrolls of remove curse {unknown}
 n - a scroll of noise {unknown}
 o - a scroll of amnesia {unknown}
 r - a scroll of enchant armour {unknown}
 s - a scroll of recharging {unknown}
 A - a scroll of fear {unknown}
 D - a scroll of magic mapping {unknown}
Potions
 e - a potion of mutation {unknown}
 k - 3 potions of curing {unknown}
 u - a potion of magic {unknown}
 w - a potion of restore abilities {unknown}
 x - a potion of heal wounds {unknown}
 B - a potion of agility {unknown}
 E - a potion of might {unknown}
Books
 c - a book of Battle

   Spells                             Type                      Level
   *Infusion                          Charms                       1
   Shroud of Golubria                 Charms/Translocation         2
   *Song of Slaying                   Charms                       2
   Spectral Weapon                    Hexes/Charms                 3
   *Regeneration                      Charms/Necromancy            3
 t - a book of Cantrips

   Spells                             Type                      Level
   Confusing Touch                    Hexes                        1
   Animate Skeleton                   Necromancy                   1
   Summon Small Mammal                Summoning                    1
   *Apportation                       Translocation                1


   Skills:
 - Level 2.0 Fighting
 + Level 3.8 Long Blades
 - Level 5.0 Armour
 - Level 1.1 Dodging
 - Level 2.4 Spellcasting
 - Level 3.6 Charms


You had 2 spell levels left.
You knew the following spells:

 Your Spells              Type           Power        Failure   Level  Hunger
a - Infusion              Chrm           ###...       8%          1    #......
b - Song of Slaying       Chrm           ###.....     10%         2    ##.....
c - Regeneration          Chrm/Necr      #.........   38%         3    ###....
d - Apportation           Tloc           #.........   24%         1    #......


Dungeon Overview and Level Annotations

Branches:
Dungeon (4/16)
 Temple: D:4-7

Altars:
Nemelex Xobeh
the Shining One

Annotations:
D:4 Menkaure


Message History

The orc wizard is almost dead.
The orc wizard casts a spell.
The orc wizard flickers and vanishes!
Deactivating autopickup; reactivate with Ctrl-A.
It hits you.
* * * LOW HITPOINT WARNING * * *
You hit it but do no damage. It hits you but does no damage.
You closely miss it.
You hear some strange, mumbled words.
Your magical contamination has completely faded away.
You closely miss it. It hits you but does no damage.
You hear some strange, mumbled words.
You feel troubled.
You barely miss it. It hits you but does no damage.
It hits you but does no damage.
You miss it. It hits you but does no damage.
You miss it.
You hear some strange, mumbled words.
The puff of frost hits you!
You die...
Ko.

#o# #.# #.#
#.# #.# #.#
.#######(#####
........K)@).#
.#######.###.#
#.# #.# #.#
#.# #.# #.#
#.# #.# #.#
#.# #.# #.#
#.# #.#


You could see a kobold.

Vanquished Creatures
  A necrophage (D:3)
  A centaur skeleton (D:4)
  An orc wizard (D:4)
  An inept item mimic (D:3)
  2 adders (D:2)
  A giant mite (D:1)
  2 worms
  A giant gecko (D:1)
  6 orcs
  9 bats
  2 giant cockroaches (D:2)
  2 hobgoblins
  6 jackals (D:1)
  A ball python (D:2)
  4 giant newts
  6 goblins
  10 kobolds
  3 rats
59 creatures vanquished.

Notes
Turn   | Place    | Note
--------------------------------------------------------------
     0 | D:1      | Jenx, the High Elf Skald, began the quest for the Orb.
     0 | D:1      | Reached XP level 1. HP: 14/14 MP: 4/4
    11 | D:1      | Reached skill level 1 in Armour
   209 | D:1      | Reached XP level 2. HP: 5/19 MP: 6/6
   254 | D:1      | Learned a level 2 spell: Song of Slaying
  1085 | D:1      | Reached XP level 3. HP: 21/24 MP: 8/8
  1569 | D:2      | Learned a level 3 spell: Regeneration
  2224 | D:2      | Reached XP level 4. HP: 26/29 MP: 11/11
  2876 | D:3      | Noticed a necrophage
  2892 | D:3      | Killed a necrophage
  2892 | D:3      | Reached skill level 5 in Armour
  2892 | D:3      | Reached XP level 5. HP: 3/33 MP: 4/12
  3201 | D:3      | Found a glowing golden altar of the Shining One.
  3201 | D:3      | Found a sparkling altar of Nemelex Xobeh.
  3320 | D:4      | HP: 1/28 [centaur skeleton (6)]
  3573 | D:4      | Noticed Menkaure
  3759 | D:4      | Learned a level 1 spell: Apportation
  3832 | D:4      | Reached XP level 6. HP: 5/33 MP: 8/15
  3840 | D:4      | Killed from afar by an orc wizard

Action                   |  1- 3 |  4- 6 || total
-------------------------+-------+-------++-------
Melee: Falchion          |   175 |    59 ||   234
       Long sword        |       |    30 ||    30
 Fire: Blowgun           |       |     3 ||     3
Throw: Tomahawk          |       |     5 ||     5
       Dart              |       |     7 ||     7
 Cast: Infusion          |     3 |     2 ||     5
       Song of Slaying   |     1 |     1 ||     2
       Regeneration      |       |     1 ||     1
 Stab: Sleeping          |     2 |       ||     2
